 Dungeon Crawl Stone Soup version 0.30-a0-424-g7412bad402 (webtiles) character file.

Game seed: 3518853621270693114

27 ragingrage the Sneak (level 3, -1/18 HPs)
             Began as a Vine Stalker Brigand on Dec 9, 2022.
             Slain by a goblin
             ... wielding a +2 dagger of electrocution
              (2 damage)
             ... on level 2 of the Dungeon.
             The game lasted 00:01:05 (904 turns).

ragingrage the Sneak (Vine Stalker Brigand)          Turns: 904, Time: 00:01:06

Health: -1/18      AC:  7    Str: 13    XL:     3   Next: 10%
Magic:  0/4        EV: 11    Int: 11    God:
Gold:   2          SH:  0    Dex: 17    Spells: 2/2 levels left

rFire   . . .      SeeInvis .    i - +1 dagger (elec)
rCold   . . .      Faith    .    (no shield)
rNeg    . . .      Spirit   +    m - +0 leather armour {Will+}
rPois   .          Reflect  .    (no helmet)
rElec   .          Harm     .    c - +0 cloak
rCorr   .          Rampage  .    (no gloves)
Will    +....                    g - +2 pair of boots
Stlth   +++.......               (no amulet)
HPRegen 0.23/turn                (no ring)
MPRegen 0.09/turn                (no ring)

@: no status effects
A: fangs 2, magic shield, antimagic bite, no potion heal 2
a: no special abilities


You were on level 2 of the Dungeon.
You visited 1 branch of the dungeon, and saw 2 of its levels.

You collected 38 gold pieces.
You spent 36 gold pieces at shops.

Inventory:

Hand Weapons
 a - a +2 dagger
 i - a +1 dagger of electrocution (weapon)
Missiles
 d - 9 poisoned darts (quivered)
 e - 3 curare-tipped darts
Armour
 c - a +0 cloak (worn)
 g - a +2 pair of boots (worn)
 m - a +0 leather armour of willpower (worn)
Scrolls
 f - 2 scrolls of enchant armour {unknown}
 j - a scroll of brand weapon {unknown}
Potions
 h - a potion of attraction {unknown}
 k - 4 potions of curing {unknown}
 l - a potion of brilliance {unknown}


   Skills:
 - Level 1.9 Fighting
 + Level 2.8 Short Blades
 - Level 1.9 Throwing
 - Level 0.9 Dodging
 - Level 4.9 Stealth


You had 2 spell levels left.
You didn't know any spells.
Your spell library was empty.

Dungeon Overview and Level Annotations

Branches:
Dungeon (2/15)

Altars:

Shops:
D:2 ?*!


Innate Abilities, Weirdness & Mutations

You have extremely sharp teeth.
When hurt, damage is shared between your health and your magic reserves.
Your bite disrupts and absorbs the magic of your enemies.
Potions cannot restore your health.


Message History

You start putting on your armour.
You continue putting on your +0 leather armour of willpower. x5
You finish putting on your +0 leather armour of willpower.
You feel strong-willed.
You drop a +0 robe. 2 goblins come into view.
A goblin is wielding a +2 dagger of electrocution.
There are monsters nearby!
There are monsters nearby!
A goblin and a hobgoblin come into view.
Found a leather armour.
The hobgoblin moves out of view.
A bat comes into view.
The hobgoblin shouts!
The bat moves out of view.
The goblin shouts!
The goblin hits you but does no damage.
You hit the goblin.
You kill the goblin!
The goblin hits you but does no damage.
You are electrocuted!!
Ouch! That really hurt!
* * * LOW HITPOINT WARNING * * *
You are too injured to fight recklessly!
You are too injured to fight recklessly!
You are too injured to fight recklessly!
You are too injured to fight recklessly!
You are too injured to fight recklessly!
You are too injured to fight recklessly!
You are too injured to fight recklessly!
You are too injured to fight recklessly!
You are too injured to fight recklessly!
You are too injured to fight recklessly!
You are too injured to fight recklessly!
You are too injured to fight recklessly!
You are too injured to fight recklessly!
You are too injured to fight recklessly!
You hit the hobgoblin.
Lightning courses through the hobgoblin!
You kill the hobgoblin!
The goblin hits you with a +2 dagger of electrocution.
You die...

######## ##......##
##........####
#............#
#..........#8#
#..........#.#
#.....@....#∩#
#....gg....#.####.#.
##..........<.......
#..........#.####.#
#
#........[.#8..##.#
#
#..........#..)##.#
#
#..........#.[.##.#
#
#......b...#....#.##
........#.##....#


You could see 2 goblins and a bat (wandering).

Vanquished Creatures
  A worm (D:2)
  3 ball pythons (D:1)
  3 bats
  3 endoplasms
  4 goblins
  A hobgoblin (D:2)
  4 kobolds
  A quokka (D:1)
  3 rats
23 creatures vanquished.

Notes
Turn   | Place    | Note
-------+----------+-------------------------------------------
     0 | D:1      | ragingrage the Vine Stalker Brigand began the quest for the
                  | Orb.
     0 | D:1      | Reached XP level 1. HP: 11/11 MP: 2/2
   137 | D:1      | Reached XP level 2. HP: 15/15 MP: 3/3
   801 | D:2      | Found Huzodex's Assorted Antiques.
   801 | D:2      | Found Jilo's Distillery.
   838 | D:2      | Bought a golden potion for 18 gold pieces
   838 | D:2      | Bought a fuming orange potion for 18 gold pieces
   855 | D:2      | Reached XP level 3. HP: 18/18 MP: 4/4
   881 | D:2      | Found Ywash's Magic Scroll Shoppe.
   904 | D:2      | Slain by a goblin

Illustrated notes

Levels and vault maps discovered:
D:1:      heliophobic_arrival_henge, layout_basic
D:2:      layout_rooms, serial_shops, nicolae_shop_hallway_plus, shop,
          shop_statue, shop, shop

Skill      XL: |  1 |
---------------+----+-----
Short Blades   | 2 |  2.8
Fighting       | |  1.9
Throwing       | |  1.9
Dodging        | |  0.9
Stealth        | |  4.9

Action                   || total
-------------------------++-------
Melee: Dagger            ||    39
       Bite              ||     8
 Stab: Sleeping          ||     7
Armor: Robe              ||    10
       Leather armour    ||     2
Dodge: Dodged            ||    12

Table legend: (Time is in decaauts)
 A = Elapsed time spent in this place.
 B = Non-inter-level travel time spent in this place.
 C = Inter-level travel time spent in this place.
 D = Time resting spent in this place.
 E = Time spent auto-exploring this place.
 F = Levels seen in this place.
 G = Mean time per level.
                   A        B        C        D        E       F      G
               +--------+--------+--------+--------+--------+-----+--------+
         Total |    899 |    868 |     31 |     22 |    672 |   2 |  449.5 |
       Dungeon |    899 |    868 |     31 |     22 |    672 |   2 |  449.5 |
               +--------+--------+--------+--------+--------+-----+--------+

Top non-repeatable levels by time:
     D:1: 796 daAuts
     D:2: 102 daAuts
